 Dungeon Sprint DCSS version 0.19-a0-78-g674c7a4 (webtiles) character file.

302 Kidiri the Covert (level 6, -12/32 HPs)
             Began as a Spriggan Enchanter on May 14, 2016.
             Was an Initiate of Dithmenos.
             Mangled by a spatial vortex (26 damage)
             ... in the Dungeon (Sprint III: "The Ten Rune Challenge").
             The game lasted 00:02:47 (407 turns).

Kidiri the Covert (Spriggan Enchanter)               Turns: 407, Time: 00:02:49

Health: -12/32     AC:  3    Str:  4    XL:     6   Next: 14%
Magic:  2/16       EV: 23    Int: 18    God:    Dithmenos [......]
Gold:   25         SH:  0    Dex: 17    Spells: 5 memorised, 6 levels left

rFire  . . .     SeeInvis +     a - +1 dagger
rCold  . . .     Gourm    .     b - +1 robe
rNeg   . . .     Faith    .     (shield restricted)
rPois  .         Spirit   .     (helmet restricted)
rElec  .         Dismiss  .     (no cloak)
rCorr  .         Reflect  .     (gloves unavailable)
SustAt .         Harm     .     (boots unavailable)
MR     +....     NoTele   +     (no amulet)
Stlth  +++++.....               (no ring)
                                (no ring)

@: very slightly contaminated, very quick, somewhat resistant to hostile
enchantments, quite stealthy
A: unfitting armour, see invisible, herbivore 3, speed 3, slow metabolism 2
a: Renounce Religion


You were in the Dungeon.
You worshipped Dithmenos.
Dithmenos was noncommittal.
You were not hungry.

You visited 1 branch You collected 25 gold pieces.

Inventory:

Hand Weapons
 a - a +1 dagger (weapon)
 k - a +0 dagger of holy wrath
Armour
 b - a +1 robe (worn)
Wands
 l - a wand of polymorph (17/24)
Scrolls
 j - a scroll of blinking
 n - a scroll of immolation
 p - 3 scrolls of remove curse
Potions
 e - 2 potions of curing
 f - a potion of heal wounds
 g - a potion of haste
 h - 2 potions of magic
 r - 2 potions of cure mutation
 s - 2 potions of flight
Comestibles
 d - a bread ration
 q - 3 fruits
 t - 2 royal jellies


   Skills:
 + Level 2.8 Fighting
 * Level 5.6 Short Blades
 + Level 2.3 Armour
 * Level 7.9 Dodging
 * Level 9.2 Stealth
 * Level 6.8 Spellcasting
 + Level 2.0 Conjurations
 + Level 5.5 Hexes
 + Level 2.5 Ice Magic
 + Level 0.0 Invocations


You had 6 spell levels left.
You knew the following spells:

 Your Spells              Type           Power        Failure   Level  Hunger
a - Corona                Hex            ####...      1%          1    None
b - Ensorcelled Hibernat  Hex/Ice        ###...       3%          2    None
c - Confuse               Hex            ####....     3%          3    ##.....
d - Tukima's Dance        Hex            ####....     3%          3    ##.....
e - Dazzling Spray        Conj/Hex       ###...       10%         3    ##.....


Dungeon Overview and Level Annotations

Branches:
Dungeon (1/1)

Altars:
Dithmenos
Gozag
Makhleb
Nemelex Xobeh
Pakellas
Qazlal
Ru
Xom
Jiyva
Lugonu


Innate Abilities, Weirdness & Mutations

You are tiny and cannot use many weapons and most armour.
You have supernaturally acute eyesight.
You are a herbivore.
You cover ground extremely quickly.
You need consume almost no food.


Message History

Aiming: Dazzling Spray
Press: ? - help, Shift-Dir - straight line, f/p - spatial vortex
Aim: a spatial vortex (moderately damaged)
The spray of energy hits the spatial vortex.
The spatial vortex is heavily damaged.
Casting: Dazzling Spray
Confirm with . or Enter, or press ? or * to list all spells.
Aiming: Dazzling Spray
Press: ? - help, Shift-Dir - straight line, f/p - spatial vortex
Aim: a spatial vortex (heavily damaged)
The spray of energy hits the spatial vortex.
The spatial vortex is severely damaged.
There is a sacrificial altar of Ru here.
You hit the spatial vortex.
The spatial vortex is severely damaged.
The spatial vortex hits you!!
Ouch! That really hurt!
Space warps horribly around you!
Ouch! That really hurt!
You die...

....#:.#..#
#..[#..#..###+#+###+##
##..##+#..#..........#
##..###...'.⌠........#
#..####...#...######'#
#..###....#.⌠.#__#...#
...##.....#...#__#...#
...#......#+###_v#...#
.##.#.....# #_@#...+
.#####....# #__'...#
▓▓ ▓▓▓▓▓▓ ▓▓▓▓▓▓▓▓


You could see a spatial vortex.

Vanquished Creatures
  A shadow (D)
  A water elemental (D)
  A jelly (D)
  Jessica (D)
  A human (D)
  A wolf (D)
  2 oozes (D)
  A rat (D)
9 creatures vanquished.

Vanquished Creatures (others)
  2 draconian scorchers (D)
  A yaktaur (D)
3 creatures vanquished.

Grand Total: 12 creatures vanquished

Notes
Turn   | Place    | Note
--------------------------------------------------------------
     0 | D        | Kidiri the Spriggan Enchanter began the quest for the Orb.
     0 | D        | Reached XP level 1. HP: 9/9 MP: 5/5
     9 | D        | Reached skill level 5 in Stealth
    11 | D        | Reached XP level 2. HP: 14/14 MP: 5/7
    15 | D        | Learned a level 2 spell: Ensorcelled Hibernation
    41 | D        | Noticed Jessica
    45 | D        | Killed Jessica
    45 | D        | Reached skill level 1 in Fighting
    45 | D        | Reached skill level 6 in Stealth
    45 | D        | Reached XP level 3. HP: 18/18 MP: 7/9
    50 | D        | Learned a level 3 spell: Confuse
    54 | D        | Learned a level 3 spell: Dazzling Spray
    82 | D        | Reached skill level 1 in Armour
    82 | D        | Reached skill level 1 in Ice Magic
   114 | D        | Killed a yaktaur
   175 | D        | Reached skill level 5 in Dodging
   175 | D        | Reached XP level 4. HP: 22/22 MP: 8/11
   180 | D        | Learned a level 3 spell: Tukima's Dance
   200 | D        | Gained mutation: You are clumsy. (Dex -2) [potion of mutation]
   200 | D        | Gained mutation: Your muscles are strong. (Str +2) [potion of mutation]
   200 | D        | Lost mutation: You are clumsy. (Dex -2) [potion of mutation]
   201 | D        | Gained mutation: You have large cloven feet. [potion of mutation]
   201 | D        | Gained mutation: Your magical capacity is low (-10% MP). [potion of mutation]
   201 | D        | Lost mutation: Your muscles are strong. (Str +2) [potion of mutation]
   202 | D        | Lost mutation: You have large cloven feet. [potion of cure mutation]
   202 | D        | Lost mutation: Your magical capacity is low (-10% MP). [potion of cure mutation]
   214 | D        | Noticed a water elemental
   240 | D        | Killed a water elemental
   240 | D        | Reached skill level 7 in Stealth
   240 | D        | Reached skill level 5 in Spellcasting
   240 | D        | Reached skill level 1 in Conjurations
   256 | D        | Killed a white draconian scorcher
   262 | D        | Killed a white draconian scorcher
   332 | D        | Noticed a shadow
   334 | D        | Killed a shadow
   334 | D        | Reached skill level 5 in Short Blades
   334 | D        | Reached skill level 9 in Stealth
   334 | D        | Reached skill level 5 in Hexes
   334 | D        | Reached XP level 5. HP: 27/27 MP: 13/15
   334 | D        | Reached XP level 6. HP: 32/32 MP: 13/16
   392 | D        | Found an oddly glowing altar of Pakellas.
   392 | D        | Found a stormy altar of Qazlal.
   393 | D        | Found a sacrificial altar of Ru.
   393 | D        | Found a burning altar of Makhleb.
   393 | D        | Found a viscous altar of Jiyva.
   393 | D        | Found a shimmering altar of Xom.
   393 | D        | Found a shadowy altar of Dithmenos.
   393 | D        | Found a sparkling altar of Nemelex Xobeh.
   393 | D        | Found a corrupted altar of Lugonu.
   393 | D        | Found an opulent altar of Gozag.
   393 | D        | Noticed a spatial vortex
   397 | D        | Became a worshipper of Dithmenos the Shadowed
   407 | D        | Mangled by a spatial vortex

Vault maps used:
D:        dungeon_sprint_mu

Skill      XL: |  1  2  3  4  5  6 |
---------------+-------------------+-----
Stealth        | 5 6 9 |  9.2
Spellcasting   | 3 4 6 |  6.8
Short Blades   | 2 3 5 |  5.6
Fighting       | 1 2 |  2.8
Dodging        | 4 5 7 |  7.9
Hexes          | 4 5 |  5.5
Armour         | 1 2 |  2.3
Ice Magic      | 1 2 |  2.5
Conjurations   | 1 2 |  2.0

Action                   |  1- 3 |  4- 6 || total
-------------------------+-------+-------++-------
Melee: Dagger            |     6 |    11 ||    17
 Cast: Ensorcelled Hiber |     5 |     1 ||     6
       Dazzling Spray    |       |     5 ||     5
  Use: Potion            |       |     4 ||     4
       Scroll            |       |     3 ||     3
 Stab: Sleeping          |     6 |     2 ||     8
Dodge: Dodged            |     5 |     5 ||    10
